Map: Frozen Temple

Players

Amix

  • Race: Zerg Zerg
  • League: Platinum
  • Spawn Location: 11:00

doOD - Winner!

  • Race: Terran Terran
  • Spawn Location: 5:00

VOD

Have the link to the VOD?

Description

Time

  • Played on: Nov. 15, 2016, 5:07 p.m.
  • Length: 6:46
Show
View Real Time Build Order
Export as new Build Order

Amix Zerg 

Build Orders: Hatch First 

Get SALT Encoding   

  12  0:01  Drone  
  13  0:12  Overlord  
  13  0:19  Drone  
  14  0:31  Drone x2  
  14  0:34  Drone  
  17  0:53  Hatchery  
  17  0:57  Drone  
  17  1:01  Extractor  
  17  1:02  Drone  
  17  1:18  Spawning Pool  
  16  1:20  Drone  
  16  1:25  Drone  
  18  1:28  Drone  
  19  1:39  Overlord  
  19  1:49  Drone  
  20  2:00  Drone  
  21  2:05  Drone, Queen  
  21  2:07  Queen  
  26  2:13  Metabolic Boost  
  26  2:17  Zergling x2  
  26  2:19  Zergling x2  
  28  2:26  Drone  
  28  2:27  Drone  
  30  2:33  Drone  
  31  2:37  Drone  
  31  2:41  Pneumatized Carapace  
  32  2:48  Queen  
  35  2:51  Drone  
  35  2:55  Overlord  
  35  2:57  Drone  
  36  3:07  Drone, Evolution Chamber  
  36  3:13  Zergling x4  
  36  3:15  Zergling x2  
  36  3:16  Zergling x2  
  40  3:22  Zergling x2  
  40  3:23  Zergling x6  
  44  3:36  Zerg Melee Weapons Level 1  
  44  3:43  Overlord  
  44  4:02  Zergling x16  
  52  4:16  Overlord  
  52  4:17  Overlord  
  52  4:36  Zergling x14  
  59  4:38  Queen  
  59  4:39  Queen  
  63  4:49  Zergling x4  
  65  5:01  Zergling x4  
  41  5:36  Zergling x12  
  40  6:02  Zergling x2  
  40  6:03  Zergling x6  
  44  6:05  Queen x2  
  44  6:06  Hatchery  
  44  6:10  Hatchery  
  46  6:22  Zergling x2  
  46  6:23  Zergling x10  
  52  6:26  Overlord x2  
Show
View Real Time Build Order
Export as new Build Order

doOD Terran - Winner!

Build Orders:  

Get SALT Encoding   

  12  0:01  SCV  
  13  0:13  SCV  
  14  0:19  Supply Depot  
  14  0:25  SCV  
  15  0:41  SCV  
  16  0:43  Barracks  
  16  0:47  Refinery  
  16  0:53  SCV  
  17  1:05  SCV  
  18  1:17  SCV  
  19  1:31  Barracks Reactor  
  20  1:34  Orbital Command  
  19  1:41  Command Center  
  19  1:53  Supply Depot  
  19  1:59  SCV  
  20  2:06  Refinery  
  20  2:11  SCV, Factory  
  21  2:21  Marine x2  
  23  2:23  SCV  
  24  2:33  Barracks  
  24  2:39  Marine x2  
  24  2:43  SCV  
  27  2:52  Orbital Command  
  27  2:55  SCV  
  28  3:05  Factory Tech Lab  
  28  3:10  Starport  
  28  3:12  Marine x2  
  29  3:16  SCV  
  31  3:23  Barracks Tech Lab  
  31  3:25  Siege Tank  
  34  3:32  Bunker  
  34  3:34  SCV x2  
  36  3:46  SCV x2  
  36  3:48  Stimpack  
  38  3:50  Marine x2  
  38  3:52  Marine  
  41  3:59  Siege Tank  
  44  4:03  Supply Depot  
  44  4:06  SCV x2  
  46  4:16  Supply Depot x2  
  46  4:18  Supply Depot, Starport Reactor  
  46  4:25  Marine x2  
  46  4:29  Supply Depot  
  46  4:30  SCV x2  
  50  4:31  Marine  
  50  4:35  Siege Tank  
  54  4:42  Engineering Bay  
  54  4:45  Engineering Bay  
  54  4:47  SCV x2  
  56  4:59  Refinery, SCV x2  
  58  5:00  Refinery  
  58  5:02  Medivac  
  58  5:04  Medivac  
  62  5:21  Marine x3  
  63  5:38  Marine  
  63  5:39  Marine x2  
  63  5:53  Siege Tank  
  63  5:54  Medivac x2  
  63  5:55  SCV x2  
  63  5:56  Marine x2  
  63  5:57  Marine  
  75  6:07  SCV  
  75  6:08  SCV  
  77  6:14  Marine x3  
  80  6:20  SCV x2  
  82  6:25  Command Center  
  82  6:32  SCV x2  
Tags
 
League
Platinum
Matchup
TvZ
Spawn Locations
Cross Positions
Add a new tag
Caveats
  • Supply blocks, unpowered buildings, or Contaminate may cause inaccurate times.
  • Supply counts are checked every 10 seconds.